 Dungeon Crawl Stone Soup version 0.24-a0-102-g7635c99 (console) character file.

Game seed: 4095246698860895170

248 Duffy the Conjurer (level 6, -4/36 HPs)
             Began as an Octopode Fire Elementalist on Feb 12, 2019.
             Slain by a gnoll
             ... wielding a +0 whip
              (5 damage)
             ... on level 3 of the Dungeon.
             The game lasted 00:04:18 (3958 turns).

Duffy the Conjurer (Octopode Fire Elementalist)     Turns: 3958, Time: 00:04:20

Health: -4/36      AC:  1    Str:  8    XL:     6   Next: 12%
Magic:  2/10       EV: 13    Int: 19    God:
Gold:   151        SH:  0    Dex: 12    Spells: 3/11 levels left

rFire    . . .     SeeInvis .   b - 4 rations
rCold    . . .     Gourm    .   (no shield)
rNeg     . . .     Faith    .   (helmet restricted)
rPois    .         Spirit   .   (no amulet)
rElec    .         Reflect  .   (no ring)
rCorr    .         Harm     .   (no ring)
MR       .....                  (no ring)
Stlth    +++.......             (no ring)
HPRegen  0.12/turn              (no ring)
MPRegen  0.12/turn              (no ring)
                                (no ring)
                                (no ring)

@: no status effects
A: almost no armour, stealthy swim, amphibious, 8 rings, constrict 8, camouflage
1, gelatinous body 1
a: no special abilities


You were on level 3 of the Dungeon.
You were not hungry.

You visited 1 branch of the dungeon, and saw 3 of its levels.

You collected 151 gold pieces.

Inventory:

Wands
 f - a wand of enslavement (8)
Scrolls
 a - 3 scrolls of identify {unknown}
 d - a scroll of enchant armour {unknown}
 g - a scroll of enchant weapon {unknown}
 h - 3 scrolls of teleportation {unknown}
 i - a scroll of fear {unknown}
 k - a scroll of magic mapping {unknown}
Potions
 c - a potion of ambrosia {unknown}
 e - a potion of cancellation {unknown}
Comestibles
 b - 4 rations (in tentacle)
 j - 4 chunks of flesh


   Skills:
 - Level 2.0 Dodging
 - Level 2.6 Stealth
 - Level 3.0 Spellcasting
 + Level 4.3 Conjurations
 + Level 4.3 Fire Magic


You had 3 spell levels left.
You knew the following spells:

 Your Spells              Type           Power        Failure   Level  Hunger
h - Flame Tongue          Conj/Fire      ###..        2%          1    None
j - Sticky Flame          Conj/Fire      ###.....     26%         4    ####...
l - Conjure Flame         Conj/Fire      ###.....     8%          3    ###....

Your spell library contained the following spells:

 Spells                   Type           Power        Failure   Level  Hunger
 Throw Flame              Conj/Fire      ###...       3%          2    ##.....
 Animate Skeleton         Necr           N/A          16%         1    None
 Pain                     Necr           #...         16%         1    None
 Inner Flame              Hex/Fire       ##......     19%         3    ###....
 Regeneration             Chrm/Necr      #.........   41%         3    ###....
 Vampiric Draining        Necr           #.........   41%         3    ###....
 Fireball                 Conj/Fire      ###.......   56%         5    ######.
 Animate Dead             Necr           N/A          83%         4    ####...


Dungeon Overview and Level Annotations

Branches:
Dungeon (3/15)

Altars:

Annotations:
D:2 exclusion: phantom


Innate Abilities, Weirdness & Mutations

You cannot wear most types of armour.
You are very stealthy in the water. (Stealth+)
You are amphibious.
You can wear up to eight rings at the same time.
You can use your tentacles to constrict eight enemies at once.
Your skin changes colour to match your surroundings (Stealth+).
Your rubbery body absorbs attacks. (AC +1, EV +1)


Message History

Aiming: Flame Tongue (safe; 2% risk of failure)
Press: ? - help, Shift-Dir - straight line, f - gnoll
Aim: a gnoll, wielding a +0 flail The flame tongue hits the gnoll!
The gnoll is severely wounded.
Cast which spell? (? or * to list)
Aiming: Flame Tongue (safe; 2% risk of failure)
Press: ? - help, Shift-Dir - straight line, f/p - gnoll
Aim: a gnoll, wielding a +0 flail (severely wounded)
The flame tongue hits the gnoll.
You kill the gnoll!
The gnoll hits you with a +0 whip.
Cast which spell? (? or * to list)
Aiming: Flame Tongue (safe; 2% risk of failure)
Press: ? - help, Shift-Dir - straight line, f - gnoll
Aim: a gnoll, wielding a +0 whip The flame tongue hits the gnoll.
The gnoll is heavily wounded.
The gnoll hits you with a +0 whip.
You die...

#..........####......
#.............#.#....
#.........[##.#.#####
#..........##...## #
###.##...######..####
#.####...####...#.. #.#
###....#...... ###g##
#####.###...# #..@.#
#.........#.# #....#
#.......###..
#....####............
#)[..#..........#...#
#......##.......###.<
#######.#########..####
### #.....)(# #.##
#....)..# #..#
#..<....# #.##


You could see a gnoll.

Vanquished Creatures
  An orc priest (D:3)
  An orc wizard (D:3)
  6 gnolls (D:3)
  2 adders
  An ooze (D:3)
  2 worms (D:2)
  3 dart slugs (D:1)
  A leopard gecko (D:3)
  11 orcs
  2 ball pythons (D:2)
  A giant cockroach (D:2)
  10 goblins
  9 hobgoblins
  12 jackals
  5 kobolds
  3 quokkas
  9 bats
  6 frilled lizards
  4 rats (D:2)
89 creatures vanquished.

Notes
Turn   | Place    | Note
-------+----------+-------------------------------------------
     0 | D:1      | Duffy the Octopode Fire Elementalist began the quest for
                  | the Orb.
     0 | D:1      | Reached XP level 1. HP: 11/11 MP: 3/3
   228 | D:1      | Reached XP level 2. HP: 13/17 MP: 1/5
   664 | D:1      | Reached XP level 3. HP: 21/21 MP: 2/6
   669 | D:1      | Learned a level 3 spell: Conjure Flame
  2185 | D:2      | Reached XP level 4. HP: 23/27 MP: 5/8
  2211 | D:2      | Learned a level 4 spell: Sticky Flame
  2543 | D:2      | Noticed a phantom
  3426 | D:3      | Reached XP level 5. HP: 24/31 MP: 5/9
  3790 | D:3      | Reached XP level 6. HP: 23/36 MP: 3/10
  3955 | D:3      | HP: 1/36 [gnoll/+0 whip (5)]
  3958 | D:3      | Slain by a gnoll

Levels and vault maps discovered:
D:1:      minmay_arrival_checkered_box, layout_basic, hangedman_decor_opposing
D:2:      layout_basic
D:3:      layout_rooms, gammafunk_ghost_nasty_kobolds

Skill      XL: |  1  2  3  4  5 |
---------------+----------------+-----
Conjurations   | 2 3 4 |  4.3
Spellcasting   | 3 |  3.0
Fire Magic     | 4 |  4.3
Dodging        | |  2.0
Stealth        | |  2.6

Action                   |  1- 3 |  4- 6 || total
-------------------------+-------+-------++-------
 Cast: Flame Tongue      |    69 |   115 ||   184
       Conjure Flame     |       |     1 ||     1
  Eat: Chunk             |     4 |     6 ||    10
Armor: Skin              |     1 |     6 ||     7
Dodge: Dodged            |    34 |    39 ||    73

Table legend:
 A = Non-vault XP
 B = Vault XP
 C = Vault XP percentage of total XP
 D = Non-vault monster count
 E = Vault monster count
 F = Vault count percentage of total count
                 A         B        C        D         E       F
            +---------+---------+-------+---------+---------+-------
      Total |     355 |       0 |   0.0 |      89 |       0 |   0.0
            +---------+---------+-------+---------+---------+-------
        D:1 |      62 |       0 |   0.0 |      31 |       0 |   0.0
        D:2 |      84 |       0 |   0.0 |      37 |       0 |   0.0
        D:3 |     209 |       0 |   0.0 |      21 |       0 |   0.0
            +---------+---------+-------+---------+---------+-------
